 Dungeon Crawl Stone Soup version 0.26.1-11-gd32895ea62 (webtiles) character file.

Game seed: 7862157552642016463

107 Zeld the Slasher (level 4, -2/31 HPs)
             Began as an Octopode Monk on May 18, 2021.
             Slain by Robin
             ... wielding a +0 club
              (5 damage)
             ... on level 2 of the Dungeon.
             The game lasted 00:04:42 (2870 turns).

Zeld the Slasher (Octopode Monk)                    Turns: 2870, Time: 00:04:42

Health: -2/31      AC:  1    Str: 11    XL:     4   Next: 85%
Magic:  4/4        EV: 14    Int: 12    God:
Gold:   204        SH:  0    Dex: 14    Spells: 3/3 levels left

rFire    . . .     SeeInvis .   a - +0 falchion
rCold    . . .     Faith    .   (no shield)
rNeg     . . .     Spirit   .   (helmet restricted)
rPois    .         Reflect  .   (no amulet)
rElec    .         Harm     .   (no ring)
rCorr    .         Rampage  .   (no ring)
Will     .....                  (no ring)
Stlth    +++.......             (no ring)
HPRegen  0.10/turn              (no ring)
MPRegen  0.09/turn              (no ring)
                                (no ring)
                                (no ring)

@: no status effects
A: almost no armour, stealthy swim, amphibious, 8 rings, constrict 8, camouflage
1, gelatinous body 1
a: no special abilities


You were on level 2 of the Dungeon.
You visited 1 branch of the dungeon, and saw 3 of its levels.

You collected 204 gold pieces.

Inventory:

Hand Weapons
 a - a +0 falchion (weapon)
Jewellery
 e - a +4 ring of evasion {unknown}
 i - an uncursed ring of poison resistance {unknown}
Scrolls
 c - 11 scrolls of identify {unknown}
 d - 2 scrolls of blinking {unknown}
 g - a scroll of teleportation {unknown}
 h - a scroll of immolation {unknown}
 j - a scroll of enchant armour {unknown}
Potions
 b - a potion of haste {unknown}
 f - a potion of attraction {unknown}


   Skills:
 - Level 3.0 Fighting
 * Level 5.4 Long Blades
 - Level 3.0 Dodging
 - Level 2.6 Stealth


You had 3 spell levels left.
You didn't know any spells.
Your spell library was empty.

Dungeon Overview and Level Annotations

Branches:
Dungeon (3/15)

Altars:
Dithmenos
Hepliaklqana
Kikubaaqudgha
Makhleb
Ru
Yredelemnul

Annotations:
D:2 Robin


Innate Abilities, Weirdness & Mutations

You cannot wear most types of armour.
You are very stealthy in the water. (Stealth+)
You are amphibious.
You can wear up to eight rings at the same time.
You can use your tentacles to constrict eight enemies at once.
Your skin changes colour to match your surroundings (Stealth+).
Your rubbery body absorbs attacks. (AC +1, EV +1)


Message History

Your squeeze misses the goblin. The goblin closely misses you.
Robin misses you.
You riposte.
You hit Robin. Your grab misses Robin.
Robin is moderately wounded.
You barely miss the goblin. Your grab misses the goblin.
The goblin hits you but does no damage. Robin closely misses you.
You hit the goblin.
You kill the goblin!
Robin closely misses you.
You riposte.
You slash Robin! You grab Robin.
Robin is severely wounded.
You release your grip on Robin.
You see here a +0 club.
Robin says, "Feeling lonely?"
Robin hits you with a +0 club.
* * * LOW HITPOINT WARNING * * *
You see here a +0 club.
Unknown command.
You closely miss Robin. You grab Robin.
Robin is severely wounded.
You constrict Robin, but do no damage. Robin hits you with a +0 club.
You die...

##############..# #.# #..#
..##.........<..# #.# #.##
.....######....########.######.#
..†..# #.####...............#
....†# #.# #.######.########
⌠....### #.# #.# #.#######
.......# #.# #.# #.......###
.._..#.####.# #.# #######....
.........##.# #@# #####
...###.#.##.# #g#
.....†.#.##.####g#
######...........# #.#†.#.######
#.###### #....#### #.._.#p##
#....####


You could see Robin and a hobgoblin (strong).

Vanquished Creatures
  2 adders (D:2)
  3 dart slugs
  3 leopard geckos
  2 ball pythons
  7 bats
  5 giant cockroaches
  17 goblins
  8 hobgoblins
  2 jackals (D:1)
  8 kobolds
  A quokka (D:2)
  6 frilled lizards
  14 rats
78 creatures vanquished.

Vanquished Creatures (others)
  A human (D:2)
1 creature vanquished.

Grand Total: 79 creatures vanquished

Notes
Turn   | Place    | Note
-------+----------+-------------------------------------------
     0 | D:1      | Zeld the Octopode Monk began the quest for the Orb.
     0 | D:1      | Reached XP level 1. HP: 16/16 MP: 1/1
   229 | D:1      | Reached XP level 2. HP: 9/21 MP: 2/2
   758 | D:1      | Reached skill level 4 in Long Blades
   870 | D:1      | Reached XP level 3. HP: 25/26 MP: 3/3
  1749 | D:2      | Reached XP level 4. HP: 31/31 MP: 4/4
  2031 | D:2      | Reached skill level 5 in Long Blades
  2046 | D:2      | Found a burning altar of Makhleb.
  2312 | D:2      | Found a sacrificial altar of Ru.
  2362 | D:2      | Found a basalt altar of Yredelemnul.
  2362 | D:2      | Found a shadowy altar of Dithmenos.
  2498 | D:2      | Found an ancient bone altar of Kikubaaqudgha.
  2499 | D:2      | Noticed a human
  2501 | D:2      | Killed a human
  2809 | D:3      | Found a hazy altar of Hepliaklqana.
  2839 | D:3      | Noticed Robin
  2870 | D:2      | Slain by Robin

Illustrated notes

Levels and vault maps discovered:
D:1:      mushboom_english_gardens, layout_loops_cross, minmay_pentomino_v2
D:2:      layout_loops_ring, lemuel_crystal_altar, nicolae_ru_awakened_eye,
          grunt_temple_overflow_open, tgw_kikubaaqudgha
D:3:      layout_basic, nicolae_overflow_hidden_temple, uniq_robin

Skill      XL: |  1  2  3  4 |
---------------+-------------+-----
Long Blades    | 4 5 |  5.4
Fighting       | |  3.0
Dodging        | |  3.0
Stealth        | |  2.6

Action                   |  1- 3 |  4- 6 || total
-------------------------+-------+-------++-------
Melee: Falchion          |    73 |    51 ||   124
       Constrict         |    20 |    19 ||    39
       Tentacles         |     8 |    14 ||    22
 Stab: Sleeping          |     9 |     4 ||    13
Armor: Skin              |    11 |     4 ||    15
Dodge: Dodged            |    45 |    44 ||    89
       Rpst.: Falchion   |    10 |    12 ||    22
